 Dungeon Crawl Stone Soup version 0.32-a0-876-gcfddb08e57 (webtiles) character file.

Game seed: 17365640032979322861

2422 Griffin23 the Carver (level 9, -7/79 HPs)
             Began as a Minotaur Fighter on Apr 2, 2024.
             Was a Follower of Uskayaw.
             Mangled by a hornet (11 damage)
             ... while paralysed by a hornet
             ... on level 6 of the Dungeon.
             The game lasted 00:08:42 (5249 turns).

Griffin23 the Carver (Minotaur Fighter)             Turns: 5249, Time: 00:08:42

Health: -7/79      AC: 17    Str: 25    XL:     9   Next: 24%
Magic:  2/8        EV:  2    Int:  5    God:    Uskayaw [*.....]
Gold:   290        SH:  0    Dex: 10    Spells: 8/8 levels left

rFire   . . .        a - +0 long sword
rCold   . . .        c - +0 buckler
rNeg    . . .        d - +0 plate armour
rPois   .            (helmet restricted)
rElec   .            m - +0 cloak
rCorr   .            l - +0 pair of gloves
SInv    .            I - +0 pair of boots {Fly}
Will    +....        j - amulet of regeneration Stlth
                     A - ring of willpower
HPRegen 1.13/turn    (no ring)
MPRegen 0.11/turn

%: no passive effects
@: paralysed, lethally poisoned (-7 -> -9), flying, slowed
A: horns 2, retaliatory headbutt
a: Renounce Religion, Stomp


You were on level 6 of the Dungeon.
You worshipped Uskayaw.
Uskayaw was noncommittal.
You visited 1 branch of the dungeon, and saw 7 of its levels.

You collected 290 gold pieces.

Inventory:

Hand Weapons
 a - a +0 long sword (weapon)
Missiles
 k - 5 boomerangs (quivered)
Armour
 b - a +0 scale mail
 c - a +0 buckler (worn)
 d - a +0 plate armour (worn)
 l - a +0 pair of gloves (worn)
 m - a +0 cloak (worn)
 q - a +0 pair of boots
 I - a +0 pair of boots of flying (worn)
Jewellery
 j - an amulet of regeneration (around neck)
 A - a ring of willpower (left hand)
Wands
 s - a wand of paralysis (9)
 G - a wand of flame (17)
Scrolls
 f - a scroll of fog {unknown}
 g - 3 scrolls of blinking
 i - 2 scrolls of enchant armour {unknown}
 p - a scroll of fear {unknown}
 r - a scroll of enchant weapon {unknown}
 t - a scroll of amnesia {unknown}
 v - a scroll of poison {unknown}
 w - a scroll of silence {unknown}
 x - 2 scrolls of vulnerability {unknown}
 y - 5 scrolls of teleportation
 H - a scroll of revelation {unknown}
Potions
 e - a potion of curing
 h - 2 potions of lignification {unknown}
 o - a potion of heal wounds
 u - 2 potions of magic {unknown}
 z - 2 potions of resistance {unknown}
 B - 3 potions of haste
 C - 2 potions of mutation {unknown}
 D - a potion of cancellation {unknown}
 E - a potion of might
 F - 2 potions of degeneration {unknown}


   Skills:
 + Level 7.6 Fighting
 * Level 9.7 Long Blades
 + Level 7.6 Armour
 + Level 7.6 Shields


You had 8 spell levels left.
You didn't know any spells.
Your spell library contained the following spells:

 Spells                   Type           Power      Damage    Failure   Level
 Magic Dart               Conj           0%         1d3       100%        1
 Blink                    Tloc           0%         N/A       100%        2
 Call Imp                 Summ           0%         N/A       100%        2
 Summon Ice Beast         Ice/Summ       0%         N/A       100%        3
 Summon Mana Viper        Hex/Summ       0%         N/A       100%        5
 Monstrous Menagerie      Summ           0%         N/A       100%        7


Dungeon Overview and Level Annotations

Branches:
Dungeon (7/15)             Temple (0/1) D:5

Altars:
Fedhas
Hepliaklqana
Uskayaw
Yredelemnul
The Shining One

Annotations:
D:3 2 transporters, hexenhour's ghost, weakling MDFi


Innate Abilities, Weirdness & Mutations

You have a pair of horns on your head.
You reflexively headbutt those who attack you in melee.


Message History

You can now stomp with the beat.
You stomp with the beat, sending a shockwave through the revellers around you!
The hornet is almost dead.
The bullfrog is heavily wounded.
You can no longer stomp with the beat.
You feel sick.
The bullfrog hits you but does no damage.
The hornet stings you.
* * * LOW HITPOINT WARNING * * *
You feel as though you will be slow longer.
The bullfrog barely misses you. You furiously retaliate!
You headbutt the bullfrog!
You kill the bullfrog!
The hornet stings you.
* * * LOW HITPOINT WARNING * * *
You feel as though you will be slow longer.
You can now stomp with the beat.
You feel much better.
You feel sick. The hornet stings you.
* * * LOW HITPOINT WARNING * * *
You are more poisoned.
You feel as though you will be slow longer.
The hornet stings you!
* * * LOW HITPOINT WARNING * * *
You feel as though you will be slow longer.
The hornet stings you but does no damage.
You feel better.
The sentinel's mark upon you fades away.
You block the hornet's attack. The hornet stings you.
* * * LOW HITPOINT WARNING * * *
You are poisoned.
You suddenly lose the ability to move!
You feel very sick. The hornet stings you!
* * * LOW HITPOINT WARNING * * *
You feel as though you will be slow longer.
* * * LOW HITPOINT WARNING * * *
You feel very sick. The hornet stings you!
You die...
Your body falls in perfect tune with the rhythm.

.##.#....#.......#
##..#....#.......#
....#....#.......#
....###.#####'#################
#.....#.##.##...##.......##...#
'.....#.....'.................#
#.....'...<.#.......).........#
#.....#.....#..)†.............#
#.....#.....#...@y............#
#.....#.....#...†.............#
#.....#.....#.................#
#.....#+##+####.####....###...#
#.............#.####....###...#
#.............#...'...........#
#.............+...#...........#
#.............#...#.......>...#
#.............##..###...###...#


You could see a hornet.

Vanquished Creatures
  A water moccasin (D:5)
  An orc warrior (D:5)
  2 ice beasts
  5 black bears
  4 ogres
  2 centaurs (D:6)
  2 phantoms
  A kobold brigand (D:6)
  3 bullfrogs (D:6)
  A jelly (D:6)
  4 hounds
  3 orc priests
  2 bombardier beetles
  An orc wizard (D:3)
  4 iguanas
  4 gnolls (D:4)
  10 adders
  2 shadow imps (D:5)
  3 ufetubi (D:6)
  2 ribbon worms
  A dart slug (D:3)
  18 orcs
  5 endoplasms
  2 giant cockroaches (D:2)
  3 goblins
  5 hobgoblins
  9 jackals
  4 kobolds
  7 quokkas
  3 ball pythons
  2 bats (D:1)
  2 frilled lizards
  2 rats (D:3)
120 creatures vanquished.

Notes
Turn   | Place    | Note
-------+----------+-------------------------------------------
     0 | D:1      | Griffin23 the Minotaur Fighter began the quest for the Orb.
     0 | D:1      | Reached XP level 1. HP: 19/19 MP: 0/0
   438 | D:1      | Reached XP level 2. HP: 25/27 MP: 1/1
   659 | D:1      | Found a faded altar of an unknown god.
  1041 | D:2      | Reached skill level 3 in Long Blades
  1136 | D:2      | Reached XP level 3. HP: 33/33 MP: 2/2
  1381 | D:2      | Reached XP level 4. HP: 40/40 MP: 3/3
  1668 | D:3      | Reached skill level 4 in Long Blades
  1732 | D:3      | Reached XP level 5. HP: 47/47 MP: 4/4
  1828 | D:3      | Noticed a phantom
  1829 | D:3      | Found a transporter.
  2127 | D:3      | Found a transporter.
  2138 | D:3      | Noticed hexenhour's ghost (weakling MDFi)
  2289 | D:4      | Noticed an ogre
  2297 | D:4      | Killed an ogre
  2298 | D:4      | Reached skill level 5 in Long Blades
  2444 | D:4      | Reached XP level 6. HP: 54/55 MP: 5/5
  2600 | D:4      | Found a hide-covered altar of Uskayaw.
  2758 | D:4      | Became a worshipper of Uskayaw the Reveller
  2846 | D:4      | Reached * piety under Uskayaw
  2852 | D:4      | Reached skill level 5 in Fighting
  2852 | D:4      | Reached skill level 5 in Armour
  2852 | D:4      | Reached skill level 5 in Shields
  2900 | D:4      | Reached ** piety under Uskayaw
  2908 | D:4      | Reached *** piety under Uskayaw
  2962 | D:4      | Found a glowing golden altar of the Shining One.
  3034 | D:4      | Found a basalt altar of Yredelemnul.
  3184 | D:5      | Entered Level 5 of the Dungeon
  3347 | D:5      | Noticed an orc warrior
  3355 | D:5      | Reached skill level 6 in Long Blades
  3355 | D:5      | Reached XP level 7. HP: 51/61 MP: 6/6
  3356 | D:5      | Reached **** piety under Uskayaw
  3409 | D:5      | Reached skill level 7 in Long Blades
  3566 | D:5      | Reached XP level 8. HP: 49/70 MP: 7/7
  3659 | D:5      | Identified the +9 dagger of Floods {elec, rF+ rN+}
  3768 | D:5      | Found a staircase to the Ecumenical Temple.
  4107 | D:6      | Found a hazy altar of Hepliaklqana.
  4166 | D:6      | Reached skill level 8 in Long Blades
  4264 | D:6      | Found a blossoming altar of Fedhas.
  4912 | D:6      | Reached skill level 9 in Long Blades
  4923 | D:6      | Reached ***** piety under Uskayaw
  4927 | D:6      | Reached XP level 9. HP: 66/79 MP: 8/8
  5240 | D:6      | Paralysed by a hornet for 2 turns
  5247 | D:6      | Paralysed by a hornet for 3 turns
  5249 | D:6      | Mangled by a hornet

Illustrated notes

Levels and vault maps discovered:
D:1:      mainiacjoe_arrival_oval_in_oval, layout_loops_corners,
          dilly_ecumenical_altar_fadedgnrine, hex_tiny
D:2:      layout_loops_cross
D:3:      layout_loops_cross, gammafunk_ghost_mausoleum,
          corexii_leaking_fountain
D:4:      layout_basic, mainiacjoe_overflow_boulevard,
          mainiacjoe_overflow_alcove_1, mainiacjoe_overflow_paths,
          dk_rats_in_the_wall
D:5:      layout_loops_ring, minmay_temple_entry_hall, minivault_4,
          nzn_random_ring
D:6:      minmay_octagon_keep, layout_gridville, fedhas_bush_and_centaur_altar,
          lemuel_tele_altar
D:7:      cheibrodos_two_vegetables, layout_cave_pools,
          mainiacjoe_overflow_catwalk

Skill      XL: |  1  2  3  4  5  6  7  8 |
---------------+-------------------------+-----
Long Blades    | 3 4 5 6 7 9 |  9.7
Fighting       | 4 5 6 7 |  7.6
Armour         | 4 5 6 7 |  7.6
Shields        | 4 5 6 7 |  7.6

Action                     |  1- 3 |  4- 6 |  7- 9 || total
---------------------------+-------+-------+-------++-------
  Melee: Long sword        |    89 |   165 |   216 ||   470
         Headbutt          |    11 |    28 |    34 ||    73
 Invoke: Stomp             |       |       |     2 ||     2
    Use: Potion            |       |     2 |     4 ||     6
         Scroll            |       |       |     5 ||     5
   Stab: Paralysed         |       |     2 |     8 ||    10
 Armour: Scale mail        |    76 |   172 |     9 ||   257
         Plate armour      |       |       |   278 ||   278
  Dodge: Dodged            |    43 |    81 |    82 ||   206
  Block: Buckler           |    15 |    37 |    72 ||   124

Table legend: (Time is in decaauts)
 A = Elapsed time spent in this place.
 B = Non-inter-level travel time spent in this place.
 C = Inter-level travel time spent in this place.
 D = Time resting spent in this place.
 E = Time spent auto-exploring this place.
 F = Levels seen in this place.
 G = Mean time per level.
                   A        B        C        D        E       F      G
               +--------+--------+--------+--------+--------+-----+--------+
         Total |   5308 |   4900 |    408 |    303 |   3536 |   7 |  758.3 |
       Dungeon |   5308 |   4900 |    408 |    303 |   3536 |   7 |  758.3 |
               +--------+--------+--------+--------+--------+-----+--------+

Top non-repeatable levels by time:
     D:6: 1173 daAuts
     D:4: 963 daAuts
     D:1: 933 daAuts
     D:5: 891 daAuts
     D:2: 693 daAuts
     D:3: 643 daAuts
     D:7: 10 daAuts
